 Dungeon Crawl Stone Soup version 0.21.1-1-g345015f (webtiles) character file.

49 lyrx the Conjurer (level 3, -5/24 HPs)
             Began as a Demonspawn Conjurer on Apr 3, 2018.
             Slain by Sigmund
             ... wielding a +0 scythe
              (14 damage)
             ... on level 2 of the Dungeon.
             The game lasted 00:12:16 (1657 turns).

lyrx the Conjurer (Demonspawn Conjurer)             Turns: 1657, Time: 00:12:17

Health: -5/24      AC:  0    Str:  8    XL:     3   Next: 51%
Magic:  2/6        EV: 14    Int: 17    God:
Gold:   122        SH:  0    Dex: 13    Spells: 3/6 levels left

rFire    . . .     SeeInvis .   (weapon currently unavailable)
rCold    . . .     Gourm    +   (shield currently unavailable)
rNeg     . . .     Faith    .   (armour currently unavailable)
rPois    .         Spirit   .   (helmet currently unavailable)
rElec    .         Reflect  .   (cloak currently unavailable)
rCorr    .         Harm     .   (gloves currently unavailable)
MR       .....                  (boots currently unavailable)
Stlth    +.........             m - amulet of the gourmand (curse)
HPRegen  0.08/turn              (ring currently unavailable)
MPRegen  0.10/turn              (ring currently unavailable)

@: confused, pig-form, very quick
A: small
a: no special abilities


You were on level 2 of the Dungeon.
You were not hungry.
You were a filthy swine.
You visited 1 branch of the dungeon, and saw 2 of its levels.

You collected 122 gold pieces.

Inventory:

Hand Weapons
 d - a +0 short sword
 f - a +0 hunting sling (melded)
 i - a +0 hand axe
Missiles
 e - 57 stones (quivered)
 h - 18 sling bullets
 o - 21 poisoned needles
Armour
 a - a +0 robe (melded)
Jewellery
 m - a cursed amulet of the gourmand (around neck)
Scrolls
 g - a scroll of immolation {unknown}
 l - a scroll of identify {unknown}
Potions
 j - a potion of degeneration {unknown}
 k - a potion of might {unknown}
 n - a potion of berserk rage {unknown}
 p - a potion of lignification {unknown}
 q - a potion of brilliance {unknown}
Books
 b - a book of Conjurations

   Spells                             Type                      Level
   a - Magic Dart                     Conjuration                  1
   b - Searing Ray                    Conjuration                  2
   c - Dazzling Spray                 Conjuration/Hexes            3
   d - Fulminant Prism                Conjuration/Hexes            4
   e - Force Lance                    Conjuration/Translocation    4
   f - Iskenderun's Mystic Blast      Conjuration                  4
Comestibles
 c - 2 rations


   Skills:
 - Level 1.7 Dodging
 - Level 1.7 Stealth
 - Level 2.0 Spellcasting
 * Level 5.3 Conjurations


You had 3 spell levels left.
You knew the following spells:

 Your Spells              Type           Power        Failure   Level  Hunger
a - Magic Dart            Conj           ###.         2%          1    #......
b - Searing Ray           Conj           ###...       3%          2    ###....


Dungeon Overview and Level Annotations

Branches:
Dungeon (2/15)

Altars:
Uskayaw
Yredelemnul

Annotations:
D:2 Sigmund


Innate Abilities, Weirdness & Mutations

((You have large cloven feet.))
((You are partially covered in sharp spines.))


Message History

Casting: Magic Dart
Confirm with . or Enter, or press ? or * to list all spells.
Aiming: Searing Ray
Press: ? - help, Shift-Dir - straight line (Press . to maintain the ray.)
The searing ray hits something.
Something hits you!
Without enough magic to sustain it, your searing ray dissipates.
Something hits you but does no damage.
A puff of flame appears from out of thin air!
The puff of flame hits you!
You see here a club.
You hear a zap.
You turn into a filthy swine.
Your +0 hunting sling melds into your body.
Your +0 robe melds into your body.
You hear some strange, mumbled words.
You are confused.
You're too confused to move!
Something hits you!
Ouch! That really hurt!
You die...

#. #.
#.......# .
#.
#.##.##.#
#.>..##.#
#..####.#
#..####.#
#.
#.......#
#(
##.######
#(
########.#
..
#.){h....#
#.
#.########
#. ####.#
#.####....#
#......####
########


There were no monsters in sight!

Vanquished Creatures
  An adder (D:2)
  A worm (D:2)
  A leopard gecko (D:2)
  A ball python (D:2)
  3 giant cockroaches (D:1)
  3 goblins
  6 hobgoblins
  6 bats
  2 frilled lizards (D:1)
  7 kobolds (D:1)
  4 rats
  A spectral orc (D:2)
36 creatures vanquished.

Notes
Turn   | Place    | Note
-------+----------+-------------------------------------------
     0 | D:1      | lyrx the Demonspawn Conjurer began the quest for the Orb.
     0 | D:1      | Reached XP level 1. HP: 13/13 MP: 3/3
   194 | D:1      | Gained mutation: You have large cloven feet. [demonic ancestry]
   194 | D:1      | Reached XP level 2. HP: 19/19 MP: 0/5
   338 | D:1      | Learned a level 2 spell: Searing Ray
  1156 | D:2      | Reached skill level 5 in Conjurations
  1205 | D:2      | Gained mutation: You are partially covered in sharp spines. [demonic ancestry]
  1205 | D:2      | Reached XP level 3. HP: 22/24 MP: 3/6
  1258 | D:2      | Found a basalt altar of Yredelemnul.
  1428 | D:2      | Found a hide-covered altar of Uskayaw.
  1629 | D:2      | Noticed Sigmund
  1657 | D:2      | Slain by Sigmund

Skill      XL: |  1  2 |
---------------+-------+-----
Conjurations   | 5 |  5.3
Dodging        | |  1.7
Stealth        | |  1.7
Spellcasting   | |  2.0

Action                   || total
-------------------------++-------
Melee: Unarmed           ||    10
 Fire: Hunting sling     ||    36
 Cast: Magic Dart        ||    50
       Searing Ray       ||     7
  Eat: Chunk             ||     6
Armor: Robe              ||    11
Dodge: Dodged            ||    26
